 Dungeon Crawl Stone Soup version 0.18-a0-1637-g109f206 (webtiles) character file.

61 Oddball22 the Insei (level 3, 0/28 HPs)
             Began as a Demonspawn Skald on Mar 26, 2016.
             Slain by Sigmund
             ... wielding a +0 scythe of flaming
              (1 damage)
             ... on level 2 of the Dungeon.
             The game lasted 00:03:14 (2110 turns).

Oddball22 the Insei (Demonspawn Skald)              Turns: 2110, Time: 00:03:14

Health: 0/28       AC:  5    Str: 12    XL:     3   Next: 83%
Magic:  6/6        EV: 11    Int: 13    God:
Gold:   96         SH:  0    Dex: 13    Spells: 1 memorised, 5 levels left

rFire  . . .     SeeInvis .       - Unarmed
rCold  . . .     Gourm    .     a - +0 leather armour
rNeg   . . .     Faith    .     (no shield)
rPois  .         Spirit   .     (no helmet)
rElec  .         Dismiss  .     (no cloak)
rCorr  .         Reflect  .     (no gloves)
SustAt .         Harm     .     (no boots)
MR     .....                    (no amulet)
Stlth  +.........               (no ring)
                                (no ring)

@: confused, not resistant to hostile enchantments, very unstealthy
A: slimy green scales 1
a: no special abilities


You were on level 2 of the Dungeon.
You were not hungry.

You visited 1 branch of the dungeon, and saw 2 of its levels.

You collected 96 gold pieces.

Inventory:

Missiles
 g - 25 bolts
Armour
 a - a +0 leather armour (worn)
Wands
 n - a wand of confusion (15/48)
Scrolls
 k - a scroll of random uselessness {unknown}
 l - a scroll of identify {unknown}
Potions
 d - a potion of degeneration {unknown}
 e - a potion of cure mutation {unknown}
 f - a potion of resistance {unknown}
 h - 2 potions of flight {unknown}
 i - a potion of heal wounds {unknown}
 j - a potion of lignification {unknown}
Books
 b - a book of Battle

   Spells                             Type                      Level
   a - Infusion                       Charms                       1
   b - Shroud of Golubria             Charms/Translocation         2
   c - Song of Slaying                Charms                       2
   d - Spectral Weapon                Hexes/Charms                 3
   e - Regeneration                   Charms/Necromancy            3
Comestibles
 c - 3 bread rations
 m - 3 chunks of flesh
 o - a meat ration


   Skills:
 + Level 2.4 Fighting
 - Level 0.8 Armour
 + Level 1.5 Dodging
 * Level 3.2 Unarmed Combat
 - Level 2.0 Spellcasting
 - Level 2.6 Charms


You had 5 spell levels left.
You knew the following spells:

 Your Spells              Type           Power        Failure   Level  Hunger
a - Infusion              Chrm           #...         12%         1    ##.....


Dungeon Overview and Level Annotations

Branches:
Dungeon (2/15)

Altars:

Annotations:
D:2 Sigmund


Innate Abilities, Weirdness & Mutations

You are partially covered in slimy green scales (AC +2).


Message History

Sigmund burns you. The goblin barely misses you.
You hit the goblin.
You kill the goblin!
You hit Sigmund.
Sigmund is severely wounded.
Sigmund closely misses you.
You hit Sigmund.
Sigmund is severely wounded.
Sigmund points at you and mumbles some strange words.
You are confused.
Sigmund barely misses you.
You hit Sigmund.
Sigmund is almost dead.
Sigmund gestures at you while chanting. The puff of flame hits you!
You bump into the rock wall.
Sigmund hits you from afar with a scythe of flaming!
* * * LOW HITPOINT WARNING * * *
Sigmund burns you.
You die...

#######.#####..######.#
#.#### #.####..## #.#####.#
# #(#....## #.......#
...(##.#.#### ####..#####
........{.###### #.......##
#
...?.#.)#......####.#####..#
### #!## #..######....#.#
##.###.. #......###.....##
#...... ##.# #..g.@.....#
#####... #.#
###@..#..#.####.....## #.#
#.####........##..## #. ...#
###..###....)## #.###
#....#####.(#### ...
###.##..###....... #..
#...........###### #.#
.(.######..### .#. #####...#


You could see Sigmund and a goblin.

Vanquished Creatures
  2 adders (D:2)
  A worm (D:2)
  A dart slug (D:2)
  3 giant geckos
  2 bats
  2 giant cockroaches
  8 goblins
  4 jackals (D:1)
  3 kobolds (D:1)
  A quokka (D:2)
  5 rats
32 creatures vanquished.

Notes
Turn   | Place    | Note
--------------------------------------------------------------
     0 | D:1      | Oddball22 the Demonspawn Skald began the quest for the Orb.
     0 | D:1      | Reached XP level 1. HP: 16/16 MP: 3/3
   112 | D:1      | Reached skill level 2 in Unarmed Combat
   288 | D:1      | Reached skill level 1 in Dodging
   407 | D:1      | Gained mutation: You are partially covered in slimy green scales (AC +2). [demonic ancestry]
   407 | D:1      | Reached XP level 2. HP: 19/22 MP: 5/5
  1014 | D:2      | Reached XP level 3. HP: 17/27 MP: 6/6
  1179 | D:2      | Noticed Sigmund
  1388 | D:2      | Reached skill level 3 in Unarmed Combat
  2110 | D:2      | HP: 1/28 [Sigmund/scythe of flaming (9)]
  2110 | D:2      | Slain by Sigmund

Vault maps used:
D:1:      elethiomel_arrival_infinity_welcomes_careful_drivers,
          serial_bayou_lake_a
D:2:      uniq_sigmund

Skill      XL: |  1  2  3 |
---------------+----------+-----
Unarmed Combat | 2 3 |  3.2
Dodging        | 1 |  1.5
Fighting       | |  2.4
Armour         | |  0.8
Spellcasting   | |  2.0
Charms         | |  2.6

Action                   || total
-------------------------++-------
Melee: Unarmed           ||   196
Evoke: Wand              ||     5
 Stab: Confused          ||     2
       Sleeping          ||     2
  Eat: Chunk             ||     4
